Map: [ESL] Cosmic Sapphire

Players

JimRising

  • Race: Zerg Zerg
  • Spawn Location: 5:00

Cham - Winner!

  • Race: Zerg Zerg
  • Spawn Location: 11:00

Event: DreamHack SC2 Masters 2022 Atlanta (Online)

VOD

Have the link to the VOD?

Description

Time

  • Played on: Sept. 28, 2022, 5:03 p.m.
  • Length: 6:16

All games in this series

Show
View Real Time Build Order
Export as new Build Order

JimRising Zerg 

Build Orders: Hatch First 

Get SALT Encoding   

  12  0:00  Drone  
  13  0:12  Overlord  
  13  0:18  Drone  
  14  0:30  Drone  
  14  0:31  Drone  
  16  0:49  Hatchery  
  15  0:52  Drone  
  15  0:55  Drone  
  17  0:59  Drone  
  18  1:04  Extractor  
  17  1:15  Spawning Pool  
  16  1:19  Drone  
  16  1:22  Drone  
  18  1:28  Drone  
  19  1:38  Drone  
  20  1:50  Drone  
  21  1:59  Overlord  
  21  2:02  Queen x2  
  21  2:07  Drone  
  26  2:10  Metabolic Boost  
  26  2:14  Drone  
  27  2:16  Drone  
  27  2:21  Drone  
  29  2:23  Drone  
  30  2:38  Hatchery  
  30  2:43  Drone  
  30  2:44  Drone  
  31  2:47  Overlord  
  31  2:51  Overlord  
  31  3:00  Zergling x4  
  33  3:10  Overlord  
  33  3:12  Zergling x6  
  36  3:13  Zergling x2  
  36  3:15  Zergling x4  
  36  3:18  Zergling x2  
  40  3:22  Overlord  
  40  3:26  Overlord  
  40  3:49  Roach Warren  
  36  3:56  Zergling x10  
  36  3:57  Zergling x2  
  41  4:07  Zergling x6  
  41  4:08  Zergling x6  
  44  4:10  Queen  
  46  4:29  Roach  
  47  4:33  Roach x4  
  47  4:34  Roach x3  
  47  4:36  Roach  
  62  4:45  Roach x2  
  65  4:51  Roach  
  65  4:52  Roach  
  70  5:00  Roach x3  
  67  5:09  Roach x2  
  67  5:12  Zergling x4  
  72  5:27  Zergling x10  
  72  5:28  Zergling x2  
  78  5:35  Zergling x8  
  80  5:41  Zergling x6  
  74  5:47  Zergling x2  
  74  5:48  Zergling x4  
  75  5:55  Roach x2  
Show
View Real Time Build Order
Export as new Build Order

Cham Zerg - Winner!

Build Orders: Hatch First 

Get SALT Encoding   

  12  0:00  Drone  
  13  0:12  Overlord  
  13  0:17  Drone  
  14  0:30  Drone x2  
  16  0:47  Hatchery  
  15  0:53  Drone  
  15  0:56  Drone  
  17  1:03  Drone  
  18  1:12  Spawning Pool  
  18  1:17  Drone, Extractor  
  17  1:19  Drone  
  18  1:28  Drone  
  19  1:45  Drone  
  20  1:50  Drone  
  21  1:59  Queen x2  
  21  2:01  Drone, Overlord  
  26  2:13  Drone x2  
  28  2:22  Hatchery  
  28  2:26  Metabolic Boost  
  27  2:32  Drone x2  
  29  2:40  Queen  
  31  2:47  Baneling Nest  
  31  2:50  Overlord  
  30  2:53  Drone  
  30  2:55  Zergling x2  
  30  2:57  Zergling x2  
  33  3:01  Drone  
  33  3:05  Drone  
  35  3:08  Drone x2  
  35  3:10  Drone  
  38  3:13  Zergling x2  
  38  3:15  Zergling x2  
  40  3:21  Overlord  
  40  3:22  Overlord  
  40  3:28  Drone x2  
  40  3:29  Drone  
  43  3:34  Drone  
  43  3:36  Baneling x2, Evolution Chamber  
  43  3:38  Baneling x2  
  43  3:42  Zergling x4  
  43  3:46  Zergling x4  
  45  3:58  Zergling x12  
  48  4:04  Zergling x4  
  48  4:07  Baneling  
  48  4:09  Zerg Missile Weapons Level 1  
  49  4:12  Zergling x2  
  49  4:14  Roach Warren  
  49  4:18  Zergling x2  
  49  4:19  Zergling x6  
  49  4:23  Zergling x6  
  55  4:35  Zergling x12  
  55  4:38  Overlord  
  58  4:50  Zergling x4  
  58  4:51  Zergling x10  
  64  4:54  Baneling  
  64  4:55  Baneling  
  64  4:59  Zergling x4  
  66  5:05  Zergling x2  
  66  5:06  Overlord x2  
  65  5:12  Queen  
  67  5:14  Zergling x2  
  67  5:15  Zergling x4  
  67  5:17  Baneling x2  
  70  5:24  Zergling x2  
  70  5:25  Zergling x4  
  71  5:49  Drone  
  64  5:50  Drone x7  
  64  5:53  Extractor  
  64  5:54  Extractor  
  64  5:56  Drone x2  
  63  5:58  Baneling  
Tags
 
Add a new tag
Caveats
  • Supply blocks, unpowered buildings, or Contaminate may cause inaccurate times.
  • Supply counts are checked every 10 seconds.